[Event "Titled Tuesday Blitz November 22 Early 2022"]
[White "Castellanos Hernandez, Emilio Au"]
[Black "Cruz Mendez, Jean Marco"]
[WhiteFideId "5114179"]
[BlackFideId "3526402"]
[WhiteElo "2037"]
[BlackElo "2064"]
[Result "0-1"]
[Round "03"]
[TimeControl "180+1"]
[Date "2022.11.23"]
[WhiteClock "0:00:56"]
[BlackClock "0:00:57"]

1. e4 c5 2. Nf3 Nc6 3. c3 Nf6 4. e5 Nd5 5. d4 cxd4 6. cxd4 e6 7. Nc3 Nxc3 8. bxc3 d6 9. Bb5 Bd7 10. exd6 Bxd6 11. O-O O-O 12. a4 Ne7 13. Bd3 Ng6 14. Re1 Bc6 15. Ba3 Bxa3 16. Rxa3 Rc8 17. Bb5 Bd5 18. Nd2 a6 19. Bf1 Qf6 20. g3 Qe7 21. Qa1 h5 22. Bg2 Bxg2 23. Kxg2 h4 24. Rb3 Qd7 25. Reb1 Rc7 26. Qb2 Qd5+ 27. f3 Qg5 28. Ne4 Qe3 29. Qd2 h3+ 30. Kxh3 Qxf3 31. Nc5 e5 32. Rxb7 Rxb7 33. Rxb7 Nf4+ 34. Kh4 Qh5# 0-1


[Site "https://www.chess.com"]

[Event "Titled Tuesday Blitz November 22 Early 2022"]
[White "Castillo Pena, Patricia Evarista"]
[Black "Kuznetsov, Mikhail"]
[WhiteFideId "6412106"]
[BlackFideId "4117190"]
[WhiteElo "1919"]
[BlackElo "1981"]
[Result "0-1"]
[Round "03"]
[TimeControl "180+1"]
[Date "2022.11.23"]
[WhiteClock "0:00:02"]
[BlackClock "0:00:31"]

1. d4 Nf6 2. Nf3 g6 3. Nc3 d5 4. Bf4 Bg7 5. e3 O-O 6. Be2 c5 7. Ne5 Nc6 8. O-O cxd4 9. exd4 Qb6 10. Nxc6 bxc6 11. Na4 Qa5 12. c3 Ba6 13. Bxa6 Qxa6 14. Nc5 Qb5 15. Qd2 e6 16. Be5 Nh5 17. a4 Qa5 18. b4 Qd8 19. Bxg7 Nxg7 20. Rfe1 Nf5 21. Qd3 Nd6 22. Qg3 Nf5 23. Qh3 Rb8 24. Rad1 a5 25. Nd3 Qb6 26. bxa5 Qxa5 27. Ne5 Rb7 28. Nxc6 Qxa4 29. Ne5 Rfb8 30. Ng4 h5 31. Ne3 Nd6 0-1


[Site "https://www.chess.com"]

[Event "Titled Tuesday Blitz November 22 Early 2022"]
[White "Chernov, Mikhail"]
[Black "Lamaze, Simon"]
[WhiteFideId "24143170"]
[BlackFideId "36069264"]
[WhiteElo "2113"]
[BlackElo "2272"]
[Result "0-1"]
[Round "03"]
[TimeControl "180+1"]
[Date "2022.11.23"]
[WhiteClock "0:00:30"]
[BlackClock "0:01:07"]

1. d4 Nf6 2. Nc3 g6 3. e4 d5 4. e5 Nh5 5. f4 Ng7 6. Nf3 h5 7. Be3 Bg4 8. h3 Bxf3 9. Qxf3 e6 10. Bd3 h4 11. Ne2 Nc6 12. c3 Ne7 13. O-O Nef5 14. Bf2 c6 15. b3 Be7 16. c4 b6 17. Kh2 Kf8 18. Rac1 Qd7 19. Ng1 Ba3 20. Rcd1 b5 21. Qe2 a6 22. Nf3 Be7 23. Rc1 Ng3 24. Bxg3 hxg3+ 25. Kxg3 Nh5+ 26. Kh2 Nxf4 27. Qd2 Nxd3 28. Qxd3 dxc4 29. bxc4 Kg7 30. Qe4 Rad8 31. Rc2 c5 32. cxb5 cxd4 33. b6 d3 34. Rb2 Qd5 35. Qxd5 Rxd5 36. Kg3 Rb8 37. Rfb1 Rb7 38. a4 a5 39. Kf4 Bb4 40. Ke3 Rxb6 41. Rb3 d2 42. Ke2 Rc6 43. Rd1 Rc2 44. Re3 Ra2 0-1


[Site "https://www.chess.com"]

[Event "Titled Tuesday Blitz November 22 Early 2022"]
[White "Chigaev, Maksim"]
[Black "Aaditya Dhingra"]
[WhiteFideId "4108116"]
[BlackFideId "25678191"]
[WhiteElo "2541"]
[BlackElo "2054"]
[Result "1-0"]
[Round "03"]
[TimeControl "180+1"]
[Date "2022.11.23"]
[WhiteClock "0:01:41"]
[BlackClock "0:01:42"]

1. Nf3 c5 2. e4 Nc6 3. Bb5 g6 4. O-O Bg7 5. Re1 a6 6. Bxc6 bxc6 7. c3 Nf6 8. d4 cxd4 9. cxd4 O-O 10. Nc3 d6 11. h3 Rb8 12. b3 c5 13. Be3 cxd4 14. Bxd4 Bb7 15. e5 dxe5 16. Nxe5 Rc8 17. Nc4 Qc7 18. Qe2 Qc6 19. Qf1 Rfd8 20. Rad1 Qc7 21. Bb6 Rxd1 22. Bxc7 Rxe1 23. Qxe1 Rxc7 24. Qe5 Rd7 25. Qb8+ Bf8 26. Ne5 1-0


[Site "https://www.chess.com"]

[Event "Titled Tuesday Blitz November 22 Early 2022"]
[White "Chirilov, James A"]
[Black "Kukreja, Sankalp"]
[WhiteFideId "30976677"]
[BlackFideId "45027676"]
[WhiteElo "1790"]
[BlackElo "2154"]
[Result "0-1"]
[Round "03"]
[TimeControl "180+1"]
[Date "2022.11.23"]
[WhiteClock "0:00:11"]
[BlackClock "0:02:00"]

1. e4 c5 2. Nf3 g6 3. d4 cxd4 4. Nxd4 Bg7 5. c4 Nc6 6. Be3 Nf6 7. Nc3 O-O 8. f3 b6 9. Be2 Bb7 10. O-O e6 11. Ndb5 d5 12. cxd5 exd5 13. exd5 Nb4 14. d6 Nfd5 15. Bd4 Bxd4+ 16. Qxd4 Nc2 17. Qd2 Nxc3 18. Nxc3 Nxa1 19. Rxa1 Qd7 20. Bb5 Bc6 21. Bxc6 Qxc6 22. d7 Rad8 23. Rd1 f6 24. Ne4 Rf7 25. Qf4 f5 26. Ng5 Rfxd7 27. Rc1 Qxc1+ 28. Qxc1 Rd1+ 29. Qxd1 Rxd1+ 30. Kf2 Rd2+ 31. Ke3 0-1


[Site "https://www.chess.com"]

[Event "Titled Tuesday Blitz November 22 Early 2022"]
[White "Corrales Jimenez, Fidel"]
[Black "Jeet, Jain"]
[WhiteFideId "3506690"]
[BlackFideId "5073022"]
[WhiteElo "2541"]
[BlackElo "2067"]
[Result "0-1"]
[Round "03"]
[TimeControl "180+1"]
[Date "2022.11.23"]
[WhiteClock "0:00:11"]
[BlackClock "0:00:16"]

1. e4 e5 2. Nf3 Nc6 3. Bb5 a6 4. Bxc6 dxc6 5. Nc3 Bg4 6. h3 Bxf3 7. Qxf3 Bd6 8. d3 Ne7 9. h4 Qd7 10. h5 h6 11. Be3 O-O-O 12. O-O-O f6 13. Qh3 c5 14. Qxd7+ Rxd7 15. Rh3 Nc6 16. Rg3 Nd8 17. Rg4 Ne6 18. Ne2 b6 19. Ng3 Rhd8 20. Nf5 Bf8 21. b3 Kb7 22. g3 b5 23. Rd2 c4 24. dxc4 Rxd2 25. Bxd2 Ba3+ 26. Kd1 Bb4 27. c3 Bxc3 28. Kc2 Bxd2 29. Nxg7 Nxg7 30. Rxg7 Bg5 31. Kc3 Kb6 32. Rg6 Rd6 33. cxb5 axb5 34. a4 bxa4 35. bxa4 Ka5 36. f3 Kxa4 37. Kc4 Ka5 38. Kc5 Be3+ 39. Kc4 Rd4+ 40. Kc5 Rd6+ 41. Kc4 Ka4 42. Rg4 Ka3 43. Rg7 Kb2 44. Rxc7 Kc2 45. Rg7 Kd2 46. Rg4 Ke2 47. f4 exf4 48. gxf4 Kf3 49. Rh4 Kxe4 50. Kc3 Bxf4 51. Rh1 Kf5 52. Kc4 Kg4 53. Kc5 Rd2 54. Rg1+ Bg3 55. Rh1 f5 56. Kc4 f4 57. Kc3 Rd6 58. Ra1 f3 59. Ra8 f2 60. Rg8+ Kf3 61. Rf8+ Bf4 0-1


[Site "https://www.chess.com"]

[Event "Titled Tuesday Blitz November 22 Early 2022"]
[White "Cramling Bellon, Anna"]
[Black "Boraso, Alessio"]
[WhiteFideId "32009232"]
[BlackFideId "848077"]
[WhiteElo "1972"]
[BlackElo "2286"]
[Result "1/2-1/2"]
[Round "03"]
[TimeControl "180+1"]
[Date "2022.11.23"]
[WhiteClock "0:00:19"]
[BlackClock "0:00:03"]

1. d4 Nf6 2. c4 e6 3. Nf3 d5 4. Nc3 Be7 5. Bg5 h6 6. Bh4 O-O 7. e3 Ne4 8. Bxe7 Qxe7 9. cxd5 Nxc3 10. bxc3 exd5 11. Bd3 c6 12. Ne5 Nd7 13. f4 Nxe5 14. fxe5 f6 15. O-O fxe5 16. Rxf8+ Qxf8 17. dxe5 Bf5 18. c4 Rd8 19. cxd5 Bxd3 20. Qxd3 Rxd5 21. Qb3 Qc5 22. Rf1 Qb6 23. Qa3 Qc5 24. Qb3 Qb6 25. Qa3 Qc5 26. Qb3 1/2-1/2


[Site "https://www.chess.com"]

[Event "Titled Tuesday Blitz November 22 Early 2022"]
[White "Csonka, Balazs"]
[Black "Malka, Samuel"]
[WhiteFideId "742910"]
[BlackFideId "20643675"]
[WhiteElo "2404"]
[BlackElo "2467"]
[Result "1-0"]
[Round "03"]
[TimeControl "180+1"]
[Date "2022.11.23"]
[WhiteClock "0:00:04"]
[BlackClock "0:00:05"]

1. d4 Nf6 2. c4 g6 3. Nc3 Bg7 4. e4 d6 5. Be2 O-O 6. Be3 Nc6 7. Nf3 Bg4 8. d5 Bxf3 9. Bxf3 Ne5 10. Be2 e6 11. O-O a5 12. f4 Ned7 13. Qc2 Nc5 14. Bxc5 dxc5 15. e5 Nd7 16. dxe6 fxe6 17. Ne4 Qe7 18. Bg4 Nb8 19. Ng5 Nc6 20. Nxe6 Nd4 21. Nxd4 cxd4 22. Qe4 c5 23. Rad1 Kh8 24. Rd3 a4 25. Rh3 Qf7 26. Be2 Rae8 27. Bd3 Re6 28. f5 Rxe5 29. Rxh7+ Kg8 30. Qxe5 Bxe5 31. Rxf7 Rxf7 32. fxg6 Rxf1+ 33. Bxf1 Kg7 34. Bd3 Bf4 35. g3 Bc1 36. b3 axb3 37. axb3 Be3+ 38. Kg2 Bh6 39. Kf3 Be3 40. h4 Bd2 41. g4 Be1 42. h5 Kh6 43. Ke4 Kg7 44. Kf5 b6 45. g5 Ba5 46. h6+ Kg8 47. Kf6 b5 48. h7+ 1-0


[Site "https://www.chess.com"]

[Event "Titled Tuesday Blitz November 22 Early 2022"]
[White "Danielian, Vardan"]
[Black "Foerster-Yialamas, Lucas"]
[WhiteFideId "13301594"]
[BlackFideId "30901774"]
[WhiteElo "2548"]
[BlackElo "2067"]
[Result "1-0"]
[Round "03"]
[TimeControl "180+1"]
[Date "2022.11.23"]
[WhiteClock "0:00:35"]
[BlackClock "0:00:13"]

1. Nf3 Nc6 2. c4 e5 3. Nc3 Bc5 4. d3 Nf6 5. g3 d6 6. Bg2 O-O 7. O-O a6 8. Rb1 h6 9. a3 Nd4 10. b4 Nxf3+ 11. Bxf3 Bd4 12. Bb2 Bh3 13. Re1 c6 14. e3 Ba7 15. a4 d5 16. b5 axb5 17. axb5 Rc8 18. Ra1 Bb6 19. Na4 Re8 20. bxc6 bxc6 21. Nxb6 Qxb6 22. Rb1 Qa7 23. Qc2 dxc4 24. Qxc4 Nd5 25. Ra1 Qd7 26. Rec1 f5 27. Qc5 e4 28. dxe4 fxe4 29. Bh1 Qf5 30. Qd4 Rc7 31. Bg2 Bxg2 32. Kxg2 Qf3+ 33. Kg1 Rf7 34. Rf1 Nf6 35. Ra7 Rxa7 36. Qxa7 Ng4 37. Qxg7# 1-0


[Site "https://www.chess.com"]

[Event "Titled Tuesday Blitz November 22 Early 2022"]
[White "Darini, Pouria"]
[Black "Chan, Kim Yew"]
[WhiteFideId "12502200"]
[BlackFideId "5717981"]
[WhiteElo "2483"]
[BlackElo "2206"]
[Result "1-0"]
[Round "03"]
[TimeControl "180+1"]
[Date "2022.11.23"]
[WhiteClock "0:00:40"]
[BlackClock "0:00:06"]

1. d4 Nf6 2. c4 e6 3. Nc3 Bb4 4. e3 O-O 5. Ne2 d5 6. a3 Bd6 7. c5 Be7 8. b4 a5 9. Bb2 b6 10. Nf4 c6 11. Bd3 Ba6 12. O-O Qc8 13. Re1 Nbd7 14. Rc1 axb4 15. axb4 Bxd3 16. Nxd3 bxc5 17. dxc5 Qb7 18. e4 Nxe4 19. Nxe4 dxe4 20. Rxe4 Bf6 21. Rb1 Rfd8 22. Qe1 Bxb2 23. Nxb2 Nf6 24. Rh4 Qa6 25. h3 Qa2 26. Nc4 Qc2 27. Nd6 Ra2 28. Rc4 Qg6 29. Rc3 Nd5 30. Rg3 Qf6 31. Rf3 Qg6 32. Nxf7 Rb8 33. Ne5 Qe8 34. Qe4 Ra4 35. Nd3 Qe7 36. Qe5 Rb7 37. Qd6 Qxd6 38. cxd6 Rd7 39. Nc5 1-0


[Site "https://www.chess.com"]

[Event "Titled Tuesday Blitz November 22 Early 2022"]
[White "De Souza, Cristiano Gomes"]
[Black "Kouskoutis, Georgios-Alexandros"]
[WhiteFideId "2151758"]
[BlackFideId "4234049"]
[WhiteElo "2068"]
[BlackElo "2187"]
[Result "0-1"]
[Round "03"]
[TimeControl "180+1"]
[Date "2022.11.23"]
[WhiteClock "0:00:07"]
[BlackClock "0:00:09"]

1. d4 Nf6 2. c4 g6 3. Nc3 d5 4. Bf4 c6 5. e3 Bg7 6. Nf3 O-O 7. h3 Bf5 8. Qb3 Qb6 9. c5 Qxb3 10. axb3 Nbd7 11. Ne5 Nxe5 12. Bxe5 g5 13. f3 Nd7 14. Bxg7 Kxg7 15. Kd2 e5 16. g4 Bg6 17. Bd3 f5 18. Rhf1 f4 19. Bxg6 fxe3+ 20. Kxe3 exd4+ 21. Kxd4 Kxg6 22. Ne2 Rae8 23. Rae1 a5 24. f4 Re4+ 25. Kc3 gxf4 26. Nd4 Nxc5 27. Rxe4 Nxe4+ 28. Kd3 Rf6 29. Rf3 Ng5 30. Rf1 Nxh3 31. Nf5 h5 32. Nh4+ Kg5 33. gxh5 Kxh4 34. Kd4 Kxh5 35. Ke5 Rf8 36. Rh1 Kg4 37. Ra1 f3 38. Kd6 f2 39. Kc7 f1=Q 0-1


[Site "https://www.chess.com"]

[Event "Titled Tuesday Blitz November 22 Early 2022"]
[White "Decuigniere, Tom"]
[Black "Viskelis, Darius"]
[WhiteFideId "26093820"]
[BlackFideId "12800830"]
[WhiteElo "2252"]
[BlackElo "2025"]
[Result "1-0"]
[Round "03"]
[TimeControl "180+1"]
[Date "2022.11.23"]
[WhiteClock "0:00:23"]
[BlackClock "0:00:05"]

1. c4 e6 2. g3 d5 3. Bg2 c5 4. Nf3 Nc6 5. O-O Nf6 6. cxd5 exd5 7. d4 Be7 8. b3 O-O 9. Bb2 Bg4 10. Nbd2 Re8 11. h3 Bh5 12. Re1 Rc8 13. a3 b6 14. dxc5 bxc5 15. Rc1 Ne4 16. Nxe4 dxe4 17. Qxd8 Rcxd8 18. Ne5 Nxe5 19. Bxe5 e3 20. f4 Rd2 21. g4 f6 22. Bc3 Bf7 23. Rcd1 Bxb3 24. Rxd2 exd2 25. Bxd2 c4 26. Bd5+ Kf8 27. Bc1 Bc5+ 28. Kg2 Be3 29. Kf3 Bxc1 30. Rxc1 Rc8 31. Rc3 a5 32. Ke3 Re8+ 33. Kd2 Rc8 34. e4 Ke7 35. Ke3 h5 36. Kd4 hxg4 37. hxg4 Bd1 38. g5 fxg5 39. fxg5 Kd6 40. e5+ Ke7 41. Rxc4 Rd8 42. Rc7+ Kf8 43. Kc5 Bh5 44. e6 Rb8 45. Kd6 Rd8+ 46. Rd7 Ke8 47. Bc6 Rxd7+ 48. Bxd7+ Kd8 49. e7# 1-0


[Site "https://www.chess.com"]

[Event "Titled Tuesday Blitz November 22 Early 2022"]
[White "Derjabin, Ilja"]
[Black "Kovacevic, Radmila"]
[WhiteFideId "14104768"]
[BlackFideId "933171"]
[WhiteElo "2312"]
[BlackElo "2208"]
[Result "1-0"]
[Round "03"]
[TimeControl "180+1"]
[Date "2022.11.23"]
[WhiteClock "0:01:15"]
[BlackClock "0:01:55"]

1. d4 e5 2. dxe5 Nc6 3. Nf3 Qe7 4. g3 Nxe5 5. Nxe5 Qxe5 6. Bg2 h5 7. Nc3 h4 8. Bf4 Qa5 9. O-O g5 10. Be3 hxg3 11. fxg3 Bc5 12. Qd3 c6 13. Ne4 Bxe3+ 14. Qxe3 Qb6 15. Nd6+ Kd8 16. Nxf7+ Kc7 17. Qxb6+ axb6 18. Nxh8 Nh6 19. h3 1-0


[Site "https://www.chess.com"]

[Event "Titled Tuesday Blitz November 22 Early 2022"]
[White "Devaev, Alexander"]
[Black "Sailer, Mike"]
[WhiteFideId "4169395"]
[BlackFideId "2012901"]
[WhiteElo "2225"]
[BlackElo "2109"]
[Result "1-0"]
[Round "03"]
[TimeControl "180+1"]
[Date "2022.11.23"]
[WhiteClock "0:00:15"]
[BlackClock "0:00:06"]

1. d4 d5 2. c4 Bf5 3. cxd5 Bxb1 4. Rxb1 Qxd5 5. a3 Nc6 6. Nf3 O-O-O 7. e3 e5 8. Qc2 exd4 9. Bc4 Qh5 10. O-O Bd6 11. h3 dxe3 12. Bxe3 Nge7 13. b4 Rhe8 14. Be2 Nf5 15. Bc5 Bxc5 16. bxc5 Qh6 17. Qb2 Na5 18. Rfc1 Nh4 19. Nxh4 Qxh4 20. c6 b6 21. Bg4+ Kb8 22. Qb5 g6 23. Qxa5 f5 24. Qa6 fxg4 25. Qb7# 1-0


[Site "https://www.chess.com"]

[Event "Titled Tuesday Blitz November 22 Early 2022"]
[White "Dilanyan, Grigor"]
[Black "Unat, Can Haktan"]
[WhiteFideId "13303570"]
[BlackFideId "6398073"]
[WhiteElo "2229"]
[BlackElo "2146"]
[Result "0-1"]
[Round "03"]
[TimeControl "180+1"]
[Date "2022.11.23"]
[WhiteClock "0:00:53"]
[BlackClock "0:00:17"]

1. e4 e6 2. d4 d5 3. exd5 exd5 4. Nf3 Nf6 5. Bd3 c5 6. O-O Nc6 7. Re1+ Be6 8. c3 Be7 9. Ng5 Bg4 10. f3 Bd7 11. dxc5 h6 12. Nh3 Bxh3 13. gxh3 O-O 14. Be3 Nd7 15. b4 Bg5 16. f4 Bh4 17. Re2 Qf6 18. b5 Ne7 19. Rg2 Nf5 20. Bxf5 Qxf5 21. Qg4 Qxg4 22. Rxg4 Be7 23. Bd4 f6 24. c6 bxc6 25. bxc6 Nb8 26. c7 Na6 27. Nd2 Nxc7 28. Re1 Bd6 29. Kf2 Kf7 30. f5 Bxh2 31. Nf3 Bd6 32. Reg1 Rg8 33. a4 Rae8 34. Ne1 h5 35. Rh4 Re4 36. Rxe4 dxe4 37. Nc2 Rb8 38. Ke3 Rb2 39. Rc1 Ra2 40. Bxa7 Rxa4 41. Bd4 Nd5+ 42. Kxe4 Nxc3+ 43. Kd3 Nd5 44. Ke4 Nf4 45. h4 Be5 46. Ke3 Ng2+ 47. Kd3 Nxh4 48. Bxe5 fxe5 49. Ne3 Rd4+ 50. Ke2 Rd7 51. Rh1 Rd4 52. Rc1 Kf6 53. Rc6+ Kg5 54. Rc7 Nxf5 55. Nxf5 Kxf5 56. Rxg7 Ra4 57. Rh7 h4 58. Kf3 Ra3+ 59. Kf2 h3 60. Rh5+ Ke4 61. Rh4+ Kd5 62. Ke2 h2 63. Kf2 Ra1 64. Rxh2 Ra2+ 65. Kg3 Rxh2 66. Kxh2 Ke4 67. Kg3 Ke3 68. Kg4 e4 69. Kf5 Kf3 70. Kg5 e3 71. Kf5 e2 72. Kg5 e1=Q 73. Kf5 Qe4+ 74. Kg5 Qe5+ 75. Kh4 Qg7 76. Kh5 Kf4 77. Kh4 Qg4# 0-1


[Site "https://www.chess.com"]

[Event "Titled Tuesday Blitz November 22 Early 2022"]
[White "Djokic, Mihailo"]
[Black "Stijve, Theo"]
[WhiteFideId "976440"]
[BlackFideId "1331132"]
[WhiteElo "2315"]
[BlackElo "2256"]
[Result "0-1"]
[Round "03"]
[TimeControl "180+1"]
[Date "2022.11.23"]
[WhiteClock "0:01:11"]
[BlackClock "0:00:44"]

1. e4 c5 2. Nf3 a6 3. d4 cxd4 4. Qxd4 Nc6 5. Qe3 e6 6. b3 Nf6 7. Bb2 Be7 8. Nbd2 Qc7 9. e5 Nd5 10. Qe4 b5 11. a4 b4 12. Nc4 Bb7 13. Qg4 O-O 14. O-O-O f5 15. exf6 Bxf6 16. Bxf6 Rxf6 17. Bd3 Nc3 18. Bxh7+ Kxh7 19. Ng5+ Kg8 20. Qh5 Qf4+ 21. Ne3 Rh6 22. Qf7+ Qxf7 23. Nxf7 Nxd1 24. Nxh6+ gxh6 25. Rxd1 d5 26. Ng4 Kg7 27. Rd3 Rf8 28. Rg3 Kh7 29. Rh3 Nd4 30. Rxh6+ Kg7 31. Rh4 Nf5 32. Rh3 d4 33. f3 Rc8 34. Ne5 Ne3 35. Rg3+ Kf6 36. f4 Rxc2+ 37. Kb1 Rxg2 38. Rh3 Be4+ 39. Kc1 Rc2+ 40. Kb1 Rxh2+ 41. Ka1 Rxh3 0-1


[Site "https://www.chess.com"]

[Event "Titled Tuesday Blitz November 22 Early 2022"]
[White "Drygalov, Sergey"]
[Black "Matinian, Nikita"]
[WhiteFideId "24171743"]
[BlackFideId "24129100"]
[WhiteElo "2528"]
[BlackElo "2422"]
[Result "1-0"]
[Round "03"]
[TimeControl "180+1"]
[Date "2022.11.22"]
[WhiteClock "0:01:34"]
[BlackClock "0:00:01"]

1. d4 Nf6 2. c4 g6 3. Nc3 Bg7 4. e4 d6 5. Nf3 O-O 6. Be2 e5 7. O-O Nc6 8. d5 Ne7 9. b4 Nh5 10. Re1 Nf4 11. Bf1 a5 12. bxa5 h6 13. a4 f5 14. Bxf4 exf4 15. e5 dxe5 16. Nxe5 Rxa5 17. Qb3 Kh7 18. Rad1 b6 19. Nb5 Bb7 20. d6 cxd6 21. Rxd6 Qc8 22. Rd7 Re8 23. Nd6 Rxe5 24. Nxc8 Rxe1 25. Nxe7 R8xe7 26. Rxe7 Rxe7 27. Qxb6 f3 28. Qb4 Rd7 29. Qb3 fxg2 30. Bxg2 Ba6 31. Bd5 Re7 32. Qb6 Re1+ 33. Kg2 Bc8 34. Qd8 Ba6 35. Qg8# 1-0


[Site "https://www.chess.com"]

[Event "Titled Tuesday Blitz November 22 Early 2022"]
[White "Duda, Jan-Krzysztof"]
[Black "Pranav Anand"]
[WhiteFideId "1170546"]
[BlackFideId "46626786"]
[WhiteElo "2779"]
[BlackElo "2402"]
[Result "1-0"]
[Round "03"]
[TimeControl "180+1"]
[Date "2022.11.22"]
[WhiteClock "0:00:17"]
[BlackClock "0:00:02"]

1. e4 e5 2. Nf3 Nc6 3. Bb5 a6 4. Ba4 Nf6 5. d3 d6 6. c4 g6 7. Nc3 Bg7 8. h3 O-O 9. Be3 Nd7 10. O-O Nc5 11. Bxc6 bxc6 12. Bxc5 dxc5 13. Qe2 Qd6 14. Nd2 Rd8 15. Nb3 a5 16. Qe3 Bf8 17. Rad1 a4 18. Nc1 Be6 19. a3 h5 20. Qd2 Ra7 21. Qc2 Rda8 22. N1e2 Bh6 23. Kh1 Qd7 24. Ng1 Kg7 25. Ra1 Ra6 26. Nf3 f6 27. Ng1 R6a7 28. Rfd1 Qd6 29. Ra2 Qd7 30. b3 axb3 31. Qxb3 Rf8 32. a4 Ra5 33. Qc2 Qd6 34. Rb2 Rf7 35. Rb8 f5 36. Nf3 f4 37. Qb2 Kf6 38. Rh8 Bg7 39. Re8 g5 40. h4 gxh4 41. Nxh4 Re7 42. Nf5 Bxf5 43. exf5 Qd7 44. Ne4+ Kxf5 45. Rxe7 Qxe7 46. Ra1 Kg6 47. Qc3 Ra8 48. a5 Rg8 49. a6 f3 50. g3 Qd7 51. Kh2 Rh8 52. a7 h4 53. g4 Ra8 54. Kh3 Qe7 55. Ra6 Qe6 56. Nxc5 Qf6 57. Ne4 Qf4 58. Rxc6+ Kh7 59. Rxc7 Kh8 60. Qa3 Rg8 61. a8=Q Bf8 62. Nf6 Qxf6 63. Q3a7 Qg6 64. Qc8 Bd6 65. Qf5 Bxc7 66. Qxg6 1-0


[Site "https://www.chess.com"]

[Event "Titled Tuesday Blitz November 22 Early 2022"]
[White "Erdogdu, Mert"]
[Black "Jobava, Baadur"]
[WhiteFideId "6301495"]
[BlackFideId "13601520"]
[WhiteElo "2413"]
[BlackElo "2582"]
[Result "0-1"]
[Round "03"]
[TimeControl "180+1"]
[Date "2022.11.22"]
[WhiteClock "0:02:11"]
[BlackClock "0:02:44"]

1. e4 d6 2. d4 Nf6 3. Nc3 e5 4. Nf3 Nbd7 5. a4 Be7 6. Bc4 O-O 7. O-O a5 8. Re1 h6 9. Ba2 Re8 10. h3 c6 11. Be3 Qc7 12. Qd2 Bf8 13. Rad1 Nb6 14. Nh4 Be6 15. d5 cxd5 16. exd5 Bd7 17. Bb3 Nc4 18. Bxc4 Qxc4 19. b3 Qxh4 0-1


[Site "https://www.chess.com"]

[Event "Titled Tuesday Blitz November 22 Early 2022"]
[White "Farmani Anosheh, Armin"]
[Black "Winkels, Marcel"]
[WhiteFideId "24613240"]
[BlackFideId "1003887"]
[WhiteElo "2289"]
[BlackElo "1900"]
[Result "1/2-1/2"]
[Round "03"]
[TimeControl "180+1"]
[Date "2022.11.23"]
[WhiteClock "0:00:18"]
[BlackClock "0:01:01"]

1. d4 Nf6 2. c4 g6 3. Nf3 Bg7 4. g3 c6 5. Bg2 d5 6. cxd5 cxd5 7. Ne5 O-O 8. Nc3 Bf5 9. Qb3 Nc6 10. Nxc6 bxc6 11. O-O Rb8 12. Qa4 Ne4 13. e3 Qd6 14. Qxa7 Ra8 15. Nxe4 Bxe4 16. Qc5 Qxc5 17. dxc5 Bc2 18. f4 Rfb8 19. Rf2 Bxb2 20. Bxb2 Rxb2 21. a4 Rb1+ 22. Rxb1 Bxb1 23. Rb2 Bd3 24. Rb6 Rxa4 25. Rxc6 Ra1+ 26. Kf2 Ra2+ 27. Kg1 Ra1+ 28. Kf2 Ra2+ 29. Kg1 Ra1+ 1/2-1/2


[Site "https://www.chess.com"]

[Event "Titled Tuesday Blitz November 22 Early 2022"]
[White "Fecker, Noah"]
[Black "Samaganova, Aleksandra"]
[WhiteFideId "1334263"]
[BlackFideId "13800221"]
[WhiteElo "2291"]
[BlackElo "1864"]
[Result "1-0"]
[Round "03"]
[TimeControl "180+1"]
[Date "2022.11.23"]
[WhiteClock "0:00:25"]
[BlackClock "0:00:03"]

1. Nf3 c5 2. e4 e6 3. b4 b6 4. bxc5 bxc5 5. Nc3 Nc6 6. g3 Nf6 7. Bg2 d6 8. e5 Nd5 9. Nxd5 exd5 10. Qe2 Be7 11. O-O O-O 12. Rb1 Bf5 13. d3 Bg4 14. exd6 Bxd6 15. Be3 Re8 16. Qd2 Qc7 17. Rfe1 h6 18. Qc1 Rab8 19. Rxb8 Rxb8 20. h3 Bh5 21. g4 Bg6 22. Nh4 d4 23. Bd2 Bh7 24. Qa3 Ne5 25. Qa6 Rb6 26. Qa4 Rb8 27. Bd5 Be7 28. Bf4 Bd6 29. Bg3 Ng6 30. Re8+ Rxe8 31. Qxe8+ Nf8 32. Bxd6 Qxd6 33. Qxf7+ Kh8 34. Nf5 Qf6 35. Nxh6 a5 36. Qxf6 gxf6 37. Nf7+ Kg7 38. Nd6 Nd7 39. Nb7 a4 40. Be6 Ne5 41. Nxc5 Nf3+ 42. Kf1 Bg8 43. Bxg8 Kxg8 44. Ke2 Ne5 45. Nxa4 Kf7 46. Nc5 Ke7 47. Nb3 Nc6 48. h4 Kf7 49. h5 Kg7 50. a4 Kh6 51. a5 Kg5 52. f3 f5 53. a6 fxg4 54. fxg4 1-0


[Site "https://www.chess.com"]

[Event "Titled Tuesday Blitz November 22 Early 2022"]
[White "Fedoseev, Vladimir"]
[Black "Stribuk, Artiom"]
[WhiteFideId "24130737"]
[BlackFideId "13515659"]
[WhiteElo "2726"]
[BlackElo "2371"]
[Result "1-0"]
[Round "03"]
[TimeControl "180+1"]
[Date "2022.11.22"]
[WhiteClock "0:00:49"]
[BlackClock "0:00:05"]

1. e4 c5 2. Nf3 Nc6 3. Bb5 e6 4. Bxc6 bxc6 5. Nc3 Ne7 6. d3 Ng6 7. h4 h5 8. e5 f6 9. Qe2 Nxe5 10. Nxe5 fxe5 11. Qxe5 Qf6 12. Qg3 d6 13. Ne4 Qe7 14. Bf4 e5 15. Qg6+ Kd7 16. Be3 Qe6 17. Qg3 Kc7 18. f3 Be7 19. Qxg7 Bd7 20. Bg5 Bxg5 21. hxg5 Rag8 22. Qf6 Qxf6 23. Nxf6 Rxg5 24. Kf2 Be6 25. Rh4 Rh6 26. Ne4 Rg8 27. b3 Bf7 28. Rah1 Re6 29. R1h2 Kd7 30. Ng3 Ke7 31. Nxh5 Reg6 32. g4 Bd5 33. Ng3 Be6 34. Ne4 R8g7 35. Ke3 Rf7 36. Rh7 Rgg7 37. Rxg7 Rxg7 38. Rh6 Bd5 39. Nxd6 1-0


[Site "https://www.chess.com"]

[Event "Titled Tuesday Blitz November 22 Early 2022"]
[White "Fernandez Hernandez, Gerardo"]
[Black "Diaz Rosas, Julio Cesar"]
[WhiteFideId "2207400"]
[BlackFideId "5105099"]
[WhiteElo "2250"]
[BlackElo "2246"]
[Result "0-1"]
[Round "03"]
[TimeControl "180+1"]
[Date "2022.11.23"]
[WhiteClock "0:00:01"]
[BlackClock "0:00:54"]

1. e4 c5 2. d3 Nc6 3. g3 e6 4. Bg2 Nf6 5. f4 d5 6. e5 Nd7 7. Nf3 Be7 8. O-O Rb8 9. a4 a6 10. c3 b5 11. axb5 axb5 12. Be3 Bb7 13. Nbd2 O-O 14. Qe2 f6 15. exf6 Bxf6 16. Bf2 Re8 17. d4 cxd4 18. cxd4 b4 19. Nb3 Ra8 20. g4 g6 21. g5 Bg7 22. h4 Rxa1 23. Rxa1 Qc7 24. Bg3 Qb6 25. Qd2 Ba6 26. Bf1 Bxf1 27. Kxf1 Ne7 28. Bf2 Nf5 29. Kg2 Nd6 30. Ne5 Qb7 31. Nxd7 Qxd7 32. Nc5 Qb5 33. Re1 Bf8 34. Nxe6 Ne4 35. Rxe4 dxe4 36. f5 Qxf5 37. Nf4 Qg4+ 38. Kh2 Bd6 0-1


[Site "https://www.chess.com"]

[Event "Titled Tuesday Blitz November 22 Early 2022"]
[White "Ferreira, Vitor Hugo Vieira"]
[Black "monkins"]
[WhiteFideId "2119765"]
[WhiteElo "2168"]
[BlackElo "2273"]
[Result "1-0"]
[Round "03"]
[TimeControl "180+1"]
[Date "2022.11.23"]
[WhiteClock "0:02:11"]
[BlackClock "0:00:05"]

1. Nf3 Nf6 2. g3 c5 3. Bg2 Nc6 4. O-O g6 5. c4 d5 6. cxd5 Nxd5 7. d4 cxd4 8. Nxd4 Bg7 9. Nxc6 bxc6 10. e4 Nb4 11. Qa4 Qb6 12. Be3 Qb5 13. Nc3 Bxc3 14. Qxb5 cxb5 15. bxc3 Nc2 16. Bd4 Nxd4 17. cxd4 Rb8 18. Rfc1 Kd7 19. Rc5 Rd8 20. Rac1 Ke8 21. Bf1 a6 22. d5 Bb7 23. Rc7 Rdc8 24. Rxb7 Rxc1 25. Rxb8+ Kd7 26. Rb6 f5 27. exf5 gxf5 28. Rxa6 Rb1 29. Rb6 Rb2 30. Bxb5+ Kc7 31. Rc6+ Kb7 32. a4 Rd2 33. Re6 1-0


[Site "https://www.chess.com"]